 Dungeon Crawl Stone Soup version 0.27.0-1-g7a089689b8 (webtiles) character file.

Game seed: 7104552616655331250

79 sanka the Ducker (level 4, -2/33 HPs)
             Began as a Merfolk Necromancer on Aug 7, 2021.
             Was a Believer of Cheibriados.
             Shot with a stone by a goblin (6 damage)
             ... on level 3 of the Dungeon.
             The game lasted 00:03:38 (2105 turns).

sanka the Ducker (Merfolk Necromancer)              Turns: 2105, Time: 00:03:38

Health: -2/33      AC:  2    Str: 12    XL:     4   Next: 38%
Magic:  7/7        EV: 16    Int: 18    God:    Cheibriados [**....]
Gold:   47         SH:  0    Dex: 25    Spells: 6/7 levels left

rFire    . . .     SeeInvis +   b - +5 mace
rCold    . . .     Faith    .   (no shield)
rNeg     . . .     Spirit   .   a - +0 robe
rPois    .         Reflect  .   (no helmet)
rElec    .         Harm     .   (no cloak)
rCorr    .         Rampage  .   (no gloves)
Will     .....                  (no boots)
Stlth    +++.......             (no amulet)
HPRegen  0.11/turn              e - ring of see invisible
MPRegen  0.10/turn              d - +6 ring of dexterity

@: very slow
A: (nimble swimmer 2), mertail
a: Renounce Religion, Bend Time


You were on level 3 of the Dungeon.
You worshipped Cheibriados.
Cheibriados was pleased with you.
You visited 1 branch of the dungeon, and saw 3 of its levels.

You collected 47 gold pieces.


Innate Abilities, Weirdness & Mutations

((You are quick and stealthy near water. (Stealth+, EV+, Speed+++)))
Your lower body shifts to a powerful aquatic tail in water.


   Skills:
 + Level 2.1 Fighting
 + Level 5.1 Dodging
 - Level 2.1 Stealth
 - Level 2.0 Spellcasting
 - Level 3.2 Necromancy
 + Level 0.4 Invocations


You had 6 spell levels left.
You knew the following spells:

 Your Spells              Type           Power      Damage    Failure   Level
z - Pain                  Necr           52%        1d6       4%          1

Your spell library contained the following spells:

 Spells                   Type           Power      Damage    Failure   Level
 Animate Skeleton         Necr           26%        N/A       4%          1
 Vampiric Draining        Necr           6%         2d6       14%         3
 Apportation              Tloc           2%         N/A       19%         1
 Corona                   Hex            1%         N/A       19%         1
 Foxfire                  Conj/Fire      4%         2x1d4     19%         1
 Summon Small Mammal      Summ           4%         N/A       19%         1
 Animate Dead             Necr           6%         N/A       43%         4
 Conjure Flame            Conj/Fire      1%         6-21      47%         3
 Inner Flame              Hex/Fire       1%         N/A       47%         3
 Agony                    Necr           13%        N/A       78%         5

Inventory:

Hand Weapons
 b - a +5 mace (weapon)
Armour
 a - a +0 robe (worn)
Jewellery
 d - a +6 ring of dexterity (right hand)
 e - a ring of see invisible (left hand)
 k - a ring of protection from fire
Scrolls
 c - a scroll of teleportation {unknown}
 f - 2 scrolls of holy word {unknown}
 h - a scroll of fog {unknown}
Potions
 g - 2 potions of resistance {unknown}
 i - a potion of heal wounds {unknown}
 j - a potion of mutation {unknown}

Dungeon Overview and Level Annotations

Branches:
Dungeon (3/15)

Altars:
Cheibriados

Shops:
D:1

: ▒.▒ ▒.▒ ▒.▒..
▒.▒ ▒.▒ ▒.▒.▒ ▒.▒
▒.▒ ▒.▒.. ▒.▒
▒.▒▒▒▒▒▒.▒.. ▒.▒
▒.▒........† ▒.▒
▒...........
▒▒▒▒▒▒▒.▒▒▒▒▒
▒▒▒.▒▒▒▒.▒..
............▒ ▒.▒
▒.▒..
....▒▒▒▒▒▒▒m▒ ▒.▒
▒.▒.. ▒▒ ▒†▒▒▒
▒.▒ ▒.▒..
▒▒▒▒▒▒g..▒▒▒▒▒.▒
▒....
................▒
▒.▒▒.
▒▒▒............▒▒
▒....
▒........≈≈..▒
▒▒▒▒▒
▒.......≈..≈.▒
▒≈...≈≈..≈..≈≈≈
▒≈≈..≈..≈..≈..≈≈


You could see a goblin.


Message History

Cheibriados appreciates the change of pace.
You feel sick. The frilled lizard barely misses you.
Unknown command.
You barely miss the frilled lizard.
You feel sick. The frilled lizard closely misses you.
Unknown command.
You sock the frilled lizard!
You kill the frilled lizard!
Cheibriados thoroughly appreciates the change of pace.
You feel sick.
The goblin shoots a stone.
The stone barely misses you.
Unknown command.
You sock the worm!
The worm is severely wounded.
You feel sick.
You are no longer poisoned.
The worm completely misses you.
You hit the worm.
The worm is almost dead.
The worm bites you!
* * * LOW HITPOINT WARNING * * *
Unknown command.
You sock the worm!
You kill the worm!
The goblin shoots a stone.
The stone hits you.
You die...

Action                   |  1- 3 |  4- 6 || total
-------------------------+-------+-------++-------
Melee: Unarmed           |     3 |       ||     3
       Mace              |    69 |    26 ||    95
 Cast: Pain              |     7 |       ||     7
 Stab: Sleeping          |    13 |     2 ||    15
       Distracted        |     2 |     1 ||     3
Armor: Robe              |     7 |     4 ||    11
Dodge: Dodged            |    53 |    28 ||    81

Levels and vault maps discovered:
D:1:      minmay_arrival_radiant_lines, layout_loops_corners, serial_shops,
          nicolae_shop_stone
D:2:      minmay_inner_zag, layout_loops_corners, ebering_ecumenical_altar_hall,
          item_on_display_a
D:3:      cheibrodos_helix_gallery, layout_loops_ring,
          amethyst_overflow_temple_binary, uniq_terence

Notes
Turn   | Place    | Note
-------+----------+-------------------------------------------
     0 | D:1      | sanka the Merfolk Necromancer began the quest for the Orb.
     0 | D:1      | Reached XP level 1. HP: 13/13 MP: 3/3
    37 | D:1      | Reached skill level 3 in Dodging
   169 | D:1      | Reached XP level 2. HP: 14/19 MP: 0/5
   282 | D:1      | Reached skill level 4 in Dodging
   446 | D:1      | Found Ochu's Book Emporium.
   537 | D:1      | Reached XP level 3. HP: 24/25 MP: 6/6
   753 | D:1      | Reached skill level 1 in Fighting
  1066 | D:2      | Found a faded altar of an unknown god.
  1087 | D:2      | Became a worshipper of Cheibriados the Contemplative
  1087 | D:2      | Reached * piety under Cheibriados
  1964 | D:3      | Reached XP level 4. HP: 29/33 MP: 7/7
  1989 | D:3      | Reached skill level 2 in Fighting
  1989 | D:3      | Reached skill level 5 in Dodging
  2097 | D:3      | Reached ** piety under Cheibriados
  2105 | D:3      | Shot with a stone by a goblin

Vanquished Creatures
  An adder (D:3)
  3 worms
  2 dart slugs
  2 bats
  6 endoplasms
  3 giant cockroaches
  9 hobgoblins
  5 jackals
  3 kobolds (D:1)
  2 quokkas (D:1)
  7 ball pythons
  3 frilled lizards
  5 goblins
  4 rats
55 creatures vanquished.
